 Seeded DCSS version 0.27-a0-1565-gad902ab807 (webtiles) character file.

Game seed: 20210716 (custom seed)

39 Sopht the Slasher (level 3, -5/23 HPs)
             Began as a Tengu Berserker on July 16, 2021.
             Was a Believer of Trog.
             Slain by a scorpion (8 damage)
             ... on level 2 of the Dungeon.
             The game lasted 00:03:41 (864 turns).

Sopht the Slasher (Tengu Berserker)                  Turns: 864, Time: 00:03:42

Health: -5/23      AC:  3    Str: 18    XL:     3   Next: 47%
Magic:  4/4        EV: 12    Int:  7    God:    Trog [**....]
Gold:   34         SH:  0    Dex: 13    Spells: 2/2 levels left

rFire    . . .     SeeInvis .   a - +0 falchion
rCold    + . .     Faith    .   (no shield)
rNeg     . . .     Spirit   .   h - +0 leather armour
rPois    .         Reflect  .   (helmet restricted)
rElec    .         Harm     .   (no cloak)
rCorr    .         Rampage  .   (no gloves)
Will     .....                  (boots unavailable)
Stlth    +.........             (no amulet)
HPRegen  0.07/turn              i - ring of protection from cold
MPRegen  0.09/turn              (no ring)

@: lethally poisoned (-5 -> -11)
A: beak, talons 3
a: Renounce Religion, Berserk, Trog's Hand


You were on level 2 of the Dungeon.
You worshipped Trog.
Trog was pleased with you.
You visited 1 branch of the dungeon, and saw 2 of its levels.

You collected 34 gold pieces.

Inventory:

Hand Weapons
 a - a +0 falchion (weapon)
Armour
 b - a +0 animal skin
 h - a +0 leather armour (worn)
Jewellery
 i - a ring of protection from cold (left hand)
Scrolls
 e - a scroll of identify {unknown}
 j - a scroll of summoning {unknown}
Potions
 c - a potion of berserk rage {unknown}
 d - 2 potions of heal wounds {unknown}
 f - a potion of curing {unknown}
 g - 2 potions of haste {unknown}


   Skills:
 + Level 3.3 Fighting
 + Level 4.1 Long Blades
 + Level 2.6 Armour
 + Level 2.4 Dodging


You had 2 spell levels left.
You didn't know any spells.
Your spell library was empty.

Dungeon Overview and Level Annotations

Branches:
Dungeon (2/15)

Altars:

Shops:
D:1 [


Innate Abilities, Weirdness & Mutations

You have a beak for a mouth.
You have claws for feet.


Message History

Found a book of Callings.
You see here a book of Callings.
There is an entrance to Pough's Antique Armour Shoppe here.
Things that are here:
a +0 spear; a gnoll corpse You see here a +0 club.
You see here a +0 club.
Done exploring.
Done exploring.
There is a stone staircase leading down here.
You see here a book of Callings.
There is an entrance to Pough's Antique Armour Shoppe here.
There is a stone staircase leading down here.
You climb downwards.
There is a stone staircase leading up here.
A scorpion comes into view.
Found a leather armour.
The scorpion stings you.
You are poisoned.
The scorpion poisons you!
A giant cockroach comes into view.
You feel sick. The scorpion barely misses you.
You barely miss the scorpion. You claw the scorpion.
The scorpion is lightly wounded.
You feel sick.
The scorpion stings you but does no damage.
The scorpion stings you.
You are lethally poisoned!
The scorpion poisons you!
You feel very sick.
You feel sick. The scorpion completely misses you.
* * * LOW HITPOINT WARNING * * *
You feel sick.
You hit the scorpion but do no damage. You peck the scorpion.
The scorpion is lightly wounded.
* * * LOW HITPOINT WARNING * * *
You feel sick. The scorpion stings you.
* * * LOW HITPOINT WARNING * * *
The scorpion stings you!
You die...

##... ##.[.# ....# .##
...### ..# .... ...
#.. #.# #.#####.## #.#
. #........### #.# ...
######.#.s@###.##....#
#.B###....<...# #.#
####.....# #. ##.##..#
#. ..# ..# . #.# ... .
#.. .. #.# . #.#


You could see a scorpion.

Vanquished Creatures
  A gnoll (D:1)
  2 dart slugs (D:1)
  3 bats (D:1)
  3 endoplasms (D:1)
  A giant cockroach (D:1)
  A goblin (D:1)
  2 hobgoblins (D:1)
  3 kobolds (D:1)
  A quokka (D:1)
  2 ball pythons (D:1)
  4 frilled lizards (D:1)
  2 rats (D:1)
25 creatures vanquished.

Notes
Turn   | Place    | Note
-------+----------+-------------------------------------------
     0 | D:1      | Sopht the Tengu Berserker began the quest for the Orb.
     0 | D:1      | Reached XP level 1. HP: 14/14 MP: 2/2
    95 | D:1      | Reached XP level 2. HP: 19/19 MP: 3/3
   340 | D:1      | Found Pough's Antique Armour Shoppe.
   354 | D:1      | Reached skill level 4 in Long Blades
   379 | D:1      | Reached XP level 3. HP: 23/23 MP: 4/4
   419 | D:1      | Reached ** piety under Trog
   854 | D:2      | Noticed a scorpion
   864 | D:2      | Slain by a scorpion

Illustrated notes

Levels and vault maps discovered:
D:1:      minmay_arrival_open_corners, layout_basic, serial_shops, shop,
          corexii_leaking_fountain, minmay_hexomino_f4
D:2:      layout_rooms, ebering_ecumenical_altar_box, palyth_stone_intersect,
          hangedman_decor_growths

Skill      XL: |  1  2 |
---------------+-------+-----
Long Blades    | 4 |  4.1
Fighting       | |  3.3
Armour         | |  2.6
Dodging        | |  2.4

Action                   || total
-------------------------++-------
Melee: Falchion          ||    33
       Kick              ||    10
       Peck              ||    10
Invok: Berserk           ||     1
Armor: Leather armour    ||     4
Dodge: Dodged            ||    28
       Rpst.: Falchion   ||    10

Table legend: (Time is in decaauts)
 A = Elapsed time spent in this place.
 B = Non-inter-level travel time spent in this place.
 C = Inter-level travel time spent in this place.
 D = Time resting spent in this place.
 E = Time spent auto-exploring this place.
 F = Levels seen in this place.
 G = Mean time per level.
                   A        B        C        D        E       F      G
               +--------+--------+--------+--------+--------+-----+--------+
         Total |    875 |    875 |      0 |      0 |    389 |   2 |  437.5 |
       Dungeon |    875 |    875 |      0 |      0 |    389 |   2 |  437.5 |
               +--------+--------+--------+--------+--------+-----+--------+

Top non-repeatable levels by time:
     D:1: 861 daAuts
     D:2: 13 daAuts
